 Dungeon Sprint DCSS version 0.29.1-13-g9f3cf754e1 (webtiles) character file.

Game seed: 5846849174623494373

7700000 LSt the Axe Maniac (level 26, -61/314 HPs)
             Began as a Troll Gladiator on Feb 10, 2023.
             Was the Champion of Makhleb.
             Annihilated by The Captor
             ... wielding a +9 vorpal triple sword
              (75 damage)
             ... in the Dungeon (Sprint VIII: "Arena of Blood").
             The game lasted 00:13:36 (77 turns).

LSt the Axe Maniac (Troll Gladiator)                  Turns: 77, Time: 00:13:37

Health: -61/314    AC:  6    Str: 29    XL:     26   Next: 70%
Magic:  30/53      EV: 28    Int:  4    God:    Makhleb [******]
Gold:   0          SH:  0    Dex: 19    Spells: 79/79 levels left

rFire   . . .      SeeInvis .   a - +∞ Axe of Woe
rCold   . . .      Faith    .   (shield currently unavailable)
rNeg    . . .      Spirit   .   b - +0 robe
rPois   .          Reflect  .   c - +0 hat
rElec   .          Harm     .   (no cloak)
rCorr   .          Rampage  .   (gloves unavailable)
Will    +....      NoTele   +   (boots unavailable)
Stlth   ++++++++++              (no amulet)
HPRegen 1.42/turn               (no ring)
MPRegen 0.33/turn               (no ring)

@: marked, slowed, very slow
A: large, unfitting armour, claws 3, regeneration 1, shaggy fur 1, tough skin 1
a: Renounce Religion, Minor Destruction, Lesser Servant of Makhleb, Major
Destruction, Greater Servant of Makhleb


You were in the Dungeon.
You worshipped Makhleb.
Makhleb was exalted by your worship.
You visited 1 branch

Inventory:

Hand Weapons
 a - the +∞ Axe of Woe (weapon)
   (You found it in the Dungeon)
Missiles
 d - 3 throwing nets (quivered)
 e - a large rock
Armour
 b - a +0 robe (worn)
 c - a +0 hat (worn)
Scrolls
 k - a scroll of blinking
Potions
 f - a potion of curing
 g - a potion of heal wounds
 h - a potion of haste
 i - 2 potions of magic
 j - a potion of berserk rage


   Skills:
 O Level 27 Fighting
 + Level 10.2(12.1) Short Blades
 + Level 10.3(12.1) Long Blades
 O Level 27 Axes
 + Level 11.2(22.6) Maces & Flails
 + Level 10.3(21.0) Polearms
 + Level 9.6(13.1) Staves
 + Level 8.0 Ranged Weapons
 O Level 27 Throwing
 O Level 27 Armour
 O Level 27 Dodging
 O Level 27 Stealth
 O Level 27 Shields
 + Level 11.4 Unarmed Combat
 O Level 27 Spellcasting
 + Level 8.8 Conjurations
 + Level 8.1 Hexes
 + Level 8.8 Summonings
 O Level 27 Necromancy
 O Level 27 Translocations
 + Level 8.8 Transmutations
 + Level 8.8 Fire Magic
 + Level 8.9 Ice Magic
 + Level 8.1 Air Magic
 + Level 10.6 Earth Magic
 + Level 8.9 Poison Magic
 O Level 27 Invocations
 O Level 27 Evocations


You had 79 spell levels left.
You didn't know any spells.
Your spell library was empty.

Dungeon Overview and Level Annotations

Branches:
Dungeon (1/1)

Altars:
Makhleb

Annotations:
D The Captor


Innate Abilities, Weirdness & Mutations

You are too large for most types of armour.
You have claws for hands.
Your natural rate of healing is unusually fast.
You are covered in fur. (AC +1)
You have tough skin. (AC +1)


Message History

Your Air Magic skill increases to level 8!
Your Earth Magic skill increases to level 10!
You hear a shout! x2
The Captor casts a spell at you. A sentinel's mark forms upon you.
You hear a shout! x7
The eight-headed meat hydra calls on the powers of darkness!
The eight-headed meat hydra convulses!
Your body is wracked with pain!
* * * LOW HITPOINT WARNING * * *
The bag of meat convulses!
The Captor convulses!
The bag of meat convulses! x2
You hear a shout! x5
The Captor points at you and mumbles some strange words.
The stream of webbing hits you but does no damage.
You are caught in a web!
You hear a shout!
A meat berserker comes into view. It is wielding a +9 battleaxe.
You hear a shout! x11; You hear two shouts!
You hear a shout!
You hear a roar!
You hear a shout! x9; You hear two shouts!
You hear a shout! x2
You hear a roar!
The meat beast appears out of thin air!
A meat beast comes into view.
You hear a shout!
A meat berserker comes into view. It is wielding a +9 battleaxe.
A meat beast comes into view.
You hear a shout!
The eight-headed meat hydra calls on the powers of darkness!
The eight-headed meat hydra convulses!
Your body is wracked with pain!
* * * LOW HITPOINT WARNING * * *
The bag of meat convulses!
The Captor convulses!
The meat berserker convulses!
The bag of meat convulses! x2; The dread hits you!
* * * LOW HITPOINT WARNING * * *
The dread drains your vigour!
You feel as though you will be slow longer.
You hear a shout!
A bag of meat comes into view. It is wielding a +9 war axe.
You hear a shout! x5
A meat berserker comes into view. It is wielding a +9 battleaxe.
You hear a shout! x2
The Captor hits you with a +9 vorpal triple sword!!!!
You die...

...... .. .o...
#. ....# #.. ...#
.. .###..
...###...
......###........
.W...._.).......
#2..)W# #_Do)@#
#...)@#
..O..._)oo§..W..
..O...###OW......
.###.. ...###...
#.. ...# .. #.
....# .. .....
......


You could see a meat beast (wandering, fast), an eight-headed meat hydra, 3
dreads, 3 meat berserkers, The Captor (fast) and 4 bags of meat.

Vanquished Creatures
  A hell beast (D)
  4 royal mummies (D)
  A wraith (D)
  7 vampire knights (D)
  20 ogres (D)
  6 two-headed ogres (D)
  2 liches (D)
  A hydra (D)
  43 orcs (D)
  8 skeletal warriors (D)
93 creatures vanquished.

Notes
Turn   | Place    | Note
-------+----------+-------------------------------------------
     0 | D        | Found the +∞ Axe of Woe
     0 | D        | LSt the Troll Gladiator began the quest for the Orb.
     0 | D        | Reached XP level 1. HP: 19/19 MP: 0/0
     0 | D        | Noticed a meat berserker
     1 | D        | Noticed a bag of meat
     1 | D        | Noticed a bag of meat
     1 | D        | Noticed a bag of meat
     4 | D        | Noticed a bag of meat
     4 | D        | Noticed a bag of meat
     5 | D        | Became a worshipper of Makhleb the Destroyer
     6 | D        | Noticed a bag of meat
     7 | D        | Killed a meat berserker
     7 | D        | Noticed a bag of meat
     8 | D        | Reached XP level 2. HP: 27/27 MP: 1/1
     8 | D        | Reached XP level 3. HP: 33/33 MP: 2/2
     8 | D        | Reached XP level 4. HP: 41/41 MP: 3/3
     8 | D        | Reached XP level 5. HP: 48/48 MP: 4/4
     8 | D        | Reached XP level 6. HP: 55/55 MP: 5/5
     8 | D        | Reached XP level 7. HP: 62/62 MP: 6/6
     8 | D        | Reached XP level 8. HP: 70/70 MP: 7/7
     8 | D        | Reached XP level 9. HP: 76/76 MP: 8/8
     8 | D        | Reached XP level 10. HP: 85/85 MP: 9/9
     8 | D        | Reached XP level 11. HP: 92/92 MP: 10/10
     8 | D        | Killed a bag of meat
     8 | D        | Reached * piety under Makhleb
     9 | D        | Reached XP level 12. HP: 100/100 MP: 11/11
     9 | D        | Noticed a meat berserker
     9 | D        | Noticed a bag of meat
    10 | D        | Killed a bag of meat
    10 | D        | Killed a bag of meat
    11 | D        | Reached skill level 27 in Axes
    11 | D        | Reached XP level 13. HP: 144/144 MP: 12/12
    12 | D        | Noticed a meat berserker
    12 | D        | Killed a meat berserker
    12 | D        | Reached ** piety under Makhleb
    12 | D        | Killed a bag of meat
    12 | D        | Killed a bag of meat
    12 | D        | Noticed a bag of meat
    13 | D        | Reached XP level 14. HP: 180/180 MP: 13/13
    13 | D        | Killed a bag of meat
    13 | D        | Reached *** piety under Makhleb
    14 | D        | Killed a bag of meat
    15 | D        | Reached XP level 15. HP: 198/198 MP: 14/14
    16 | D        | Noticed a meat berserker
    18 | D        | Killed a meat berserker
    18 | D        | Reached **** piety under Makhleb
    19 | D        | Reached skill level 27 in Fighting
    19 | D        | Reached skill level 10 in Dodging
    19 | D        | Noticed a large bag of meat
    19 | D        | Noticed a meat berserker
    20 | D        | Noticed a meat berserker
    21 | D        | Killed a meat berserker
    22 | D        | Reached skill level 15 in Dodging
    22 | D        | Reached XP level 16. HP: 217/217 MP: 15/15
    22 | D        | Noticed a large bag of meat
    22 | D        | Noticed a destroyer
    22 | D        | Noticed a meat berserker
    22 | D        | Noticed a destroyer
    23 | D        | Noticed a large bag of meat
    24 | D        | Killed a meat berserker
    25 | D        | Killed a meat berserker
    25 | D        | Noticed a large bag of meat
    25 | D        | Noticed a large bag of meat
    26 | D        | Killed a destroyer
    26 | D        | Reached ***** piety under Makhleb
    27 | D        | Reached skill level 27 in Dodging
    27 | D        | Reached XP level 17. HP: 226/226 MP: 16/16
    27 | D        | Killed a large bag of meat
    28 | D        | Noticed a meat berserker
    29 | D        | Reached skill level 15 in Stealth
    29 | D        | Killed a large bag of meat
    29 | D        | Killed a meat berserker
    30 | D        | Reached XP level 18. HP: 165/236 MP: 17/17
    31 | D        | Killed a large bag of meat
    31 | D        | Reached ****** piety under Makhleb
    31 | D        | Noticed a meat berserker
    32 | D        | Killed a destroyer
    32 | D        | Noticed a large bag of meat
    33 | D        | Reached XP level 19. HP: 227/245 MP: 18/18
    33 | D        | Killed a large bag of meat
    33 | D        | Killed a meat berserker
    34 | D        | Reached skill level 27 in Stealth
    34 | D        | Noticed a meat berserker
    35 | D        | Killed a meat berserker
    36 | D        | Killed a large bag of meat
    36 | D        | Killed a meat berserker
    37 | D        | Reached skill level 27 in Armour
    37 | D        | Reached skill level 10 in Throwing
    37 | D        | Reached skill level 10 in Invocations
    37 | D        | Reached XP level 20. HP: 204/256 MP: 18/26
    38 | D        | Killed a large bag of meat
    38 | D        | Noticed a meat berserker
    39 | D        | Reached skill level 15 in Throwing
    39 | D        | Reached skill level 15 in Invocations
    39 | D        | Noticed a destroyer
    39 | D        | Noticed a destroyer
    40 | D        | Noticed a meat berserker
    42 | D        | Noticed a destroyer
    42 | D        | Noticed a destroyer
    43 | D        | Reached XP level 21. HP: 265/265 MP: 18/34
    44 | D        | Killed a destroyer
    46 | D        | Reached skill level 27 in Throwing
    46 | D        | Reached skill level 27 in Invocations
    46 | D        | Noticed an accursed
    46 | D        | Killed a destroyer
    47 | D        | Reached XP level 22. HP: 275/275 MP: 19/38
    47 | D        | Killed a destroyer
    48 | D        | Noticed a destroyer
    48 | D        | Noticed an accursed
    49 | D        | Noticed an accursed
    51 | D        | Reached skill level 27 in Evocations
    51 | D        | Reached skill level 5 in Spellcasting
    51 | D        | Killed a destroyer
    52 | D        | Reached XP level 23. HP: 269/284 MP: 20/43
    54 | D        | Noticed a tyrant
    56 | D        | Noticed an accursed
    57 | D        | Killed an accursed
    58 | D        | Reached skill level 27 in Spellcasting
    58 | D        | Reached skill level 1 in Short Blades
    58 | D        | Reached skill level 1 in Long Blades
    58 | D        | Reached skill level 1 in Maces & Flails
    58 | D        | Reached skill level 1 in Polearms
    58 | D        | Reached skill level 1 in Staves
    58 | D        | Reached skill level 1 in Ranged Weapons
    58 | D        | Reached skill level 1 in Shields
    58 | D        | Reached skill level 1 in Unarmed Combat
    58 | D        | Reached skill level 1 in Conjurations
    58 | D        | Reached skill level 1 in Hexes
    58 | D        | Reached skill level 1 in Summonings
    58 | D        | Reached skill level 1 in Necromancy
    58 | D        | Reached skill level 1 in Translocations
    58 | D        | Reached skill level 1 in Transmutations
    58 | D        | Reached skill level 1 in Fire Magic
    58 | D        | Reached skill level 1 in Ice Magic
    58 | D        | Reached skill level 1 in Air Magic
    58 | D        | Reached skill level 1 in Earth Magic
    58 | D        | Reached skill level 1 in Poison Magic
    59 | D        | Noticed a destroyer
    59 | D        | Noticed a meat beast
    60 | D        | Noticed a dread
    60 | D        | Killed an accursed
    60 | D        | Killed an accursed
    60 | D        | Killed a tyrant
    61 | D        | Reached XP level 24. HP: 276/295 MP: 23/53
    65 | D        | Reached skill level 27 in Translocations
    65 | D        | Killed a dread
    66 | D        | Reached XP level 25. HP: 304/304 MP: 25/53
    66 | D        | Killed a destroyer
    66 | D        | Killed an accursed
    67 | D        | Reached skill level 27 in Shields
    68 | D        | Noticed a meat beast
    69 | D        | Noticed a dread
    69 | D        | Noticed a meat beast
    69 | D        | Noticed a tyrant
    70 | D        | Noticed a dread
    70 | D        | Killed a meat beast
    71 | D        | Reached skill level 27 in Necromancy
    71 | D        | Reached XP level 26. HP: 314/314 MP: 27/53
    71 | D        | Noticed The Captor
    72 | D        | Reached skill level 10 in Unarmed Combat
    73 | D        | Reached skill level 10 in Maces & Flails
    73 | D        | Noticed a dread
    75 | D        | Killed a tyrant
    76 | D        | Reached skill level 10 in Short Blades
    76 | D        | Reached skill level 10 in Long Blades
    76 | D        | Reached skill level 10 in Polearms
    76 | D        | Reached skill level 10 in Earth Magic
    77 | D        | Noticed a meat beast
    77 | D        | HP: 14/314 [dread (12)]
    77 | D        | Annihilated by The Captor

Illustrated notes

Levels and vault maps discovered:
D:        meatsprint

Skill      XL: |  1  2  3  4  5  6  7  8  9 10 11 12 13 14 15 16 17 18 19 20 21 22 23 24 25 26 |
---------------+-------------------------------------------------------------------------------+-----
Axes           | 24 26 27 | 27.0
Fighting       | 13 21 24 27 | 27.0
Dodging        | 15 27 | 27.0
Stealth        | 4 20 26 27 | 27.0
Armour         | 27 | 27.0
Throwing       | 10 20 27 | 27.0
Invocations    | 10 20 27 | 27.0
Evocations     | 17 27 | 27.0
Spellcasting   | 17 27 | 27.0
Short Blades   | 3 8 10 | 10.2
Long Blades    | 3 8 10 | 10.3
Maces & Flails | 3 9 11 | 11.2
Polearms       | 3 8 10 | 10.3
Staves         | 3 7 9 |  9.6
Ranged Weapons | 2 6 8 |  8.0
Shields        | 3 25 27 | 27.0
Unarmed Combat | 3 9 11 | 11.4
Conjurations   | 2 7 8 |  8.8
Hexes          | 2 6 8 |  8.1
Summonings     | 2 7 8 |  8.8
Necromancy     | 3 27 | 27.0
Translocations | 25 27 | 27.0
Transmutations | 2 7 8 |  8.8
Fire Magic     | 2 7 8 |  8.8
Ice Magic      | 3 7 8 |  8.9
Air Magic      | 2 6 8 |  8.1
Earth Magic    | 3 8 10 | 10.6
Poison Magic   | 3 7 8 |  8.9

Action                   |  1- 3 |  4- 6 |  7- 9 | 10-12 | 13-15 | 16-18 | 19-21 | 22-24 | 25-27 || total
-------------------------+-------+-------+-------+-------+-------+-------+-------+-------+-------++-------
Melee: Executioner's axe |     1 |       |       |     2 |     6 |     9 |    13 |    13 |     8 ||    52
Armor: Robe              |       |       |       |       |       |       |       |       |     1 ||     1
Dodge: Dodged            |       |       |       |       |       |       |       |     2 |     1 ||     3
